[Event "Early-Titled-Tuesday-Blitz-January-30-2024"]
[Site "Chess.com"]
[Date "2024.01.30"]
[Round "2"]
[White "SujanaLohani"]
[Black "LastHeroJr"]
[Result "0-1"]
[WhiteElo "2006"]
[BlackElo "2460"]
[TimeControl "180+1"]
[EndTime "8:19:15 PST"]
[Termination "LastHeroJr won on time"]

1. d4 Nf6 2. Nf3 g6 3. c4 Bg7 4. g3 O-O 5. Bg2 d6 6. O-O Nbd7 7. Nc3 e5 8. dxe5 dxe5 9. e4 c6 10. Qc2 Re8 11. h3 Nc5 12. Be3 Qe7 13. b4 Ne6 14. Nxe5 Qxb4 15. Rab1 Qa5 16. f4 Nh5 17. Kh2 Bxe5 18.
fxe5 Qxe5 19. Rf3 Nc5 20. Rbf1 Be6 21. Bf4 Qd4 22. Be3 Qe5 23. R3f2 Nxg3 24. Bf4 Nxf1+ 25. Bxf1 Qd4 26. Rf3 Qd7 27. Bg5 a6 28. Nd5 cxd5 29. exd5 Bf5 30. Qc3 Ne4 0-1

[Event "Early-Titled-Tuesday-Blitz-January-30-2024"]
[Site "Chess.com"]
[Date "2024.01.30"]
[Round "2"]
[White "Szparu"]
[Black "HeroWilczek"]
[Result "1-0"]
[WhiteElo "2772"]
[BlackElo "2485"]
[TimeControl "180+1"]
[EndTime "8:19:16 PST"]
[Termination "Szparu won by checkmate"]

1. Nf3 Nf6 2. c4 e6 3. g3 d5 4. d4 Be7 5. Bg2 O-O 6. Nc3 Nbd7 7. O-O dxc4 8. Re1 c6 9. Qc2 Qc7 10. a4 Nd5 11. Bg5 Bxg5 12. Nxg5 N7f6 13. Nce4 h6 14. Nxf6+ Nxf6 15. Ne4 Nxe4 16. Bxe4 e5 17. Qxc4 exd4 18. Qxd4 Be6 19. Bg2 Rfd8 20. Qc3 Rd6 21. a5 a6 22. h4 Rad8 23. Rac1 Bd5 24. e4 Be6 25. e5 Rd3 26. Qc5 Bd5 27. Bf1 Rb3 28. Rc2 Qd7 29. Rd2 Qf5 30.
Bc4 Qf3 31. Rxd5 cxd5 32. Bxb3 Qxb3 33. e6 fxe6 34. Rxe6 d4 35. Re7 d3 36. Qc7 Qd1+ 37.
Kh2 d2 38. Rxg7+ Kf8 39. Qe7# 1-0

[Event "Early-Titled-Tuesday-Blitz-January-30-2024"]
[Site "Chess.com"]
[Date "2024.01.30"]
[Round "2"]
[White "hasagoodchesser"]
[Black "patzersame"]
[Result "1-0"]
[WhiteElo "2740"]
[BlackElo "2375"]
[TimeControl "180+1"]
[EndTime "8:19:16 PST"]
[Termination "hasagoodchesser won by checkmate"]

1. Nf3 Nf6 2. g3 g6 3. b3 Bg7 4. Bb2 O-O 5. Bg2 d5 6. O-O c5 7. e3 Nc6 8. d4 Bg4 9. Nbd2 cxd4 10. exd4 Ne4 11. h3 Nxd2 12. Qxd2 Bf5 13. Rfe1 h5 14. Rad1 Rc8 15. c3 Be4 16. Qf4 Qd7 17. Kh2 e6 18.
Rxe4 dxe4 19. Qxe4 Ne7 20. Rd2 Nd5 21. c4 Nf6 22. Qd3 Rfd8 23. Ne5 Qc7 24. Qf3 b6 25. Nc6 Rd6 26. Ne5 Nd7 27. Qxf7+ Kh8 28. Nxg6+ Kh7 29. Ne7 Nf6 30. Qg6+ Kh8 31. Nxc8 Qxc8 32. d5 exd5 33. Qg5 d4 34. Rxd4 Rxd4 35. Bxd4 Qd8 36. Bxf6 Qxf6 37. Qxh5+ Kg8 38. f4 Qb2 39. Qe8+ Kh7 40. Qe4+ Kh8 41. Qa8+ Kh7 42. Qxa7 Qa1 43. h4 Kh6 44. Qxb6+ Kh7 45. Be4+ Kg8 46. Qe6+ Kf8 47. Qf5+ Kg8 48. Bd5+ Kh8 49.
Qh5+ Bh6 50. Qxh6# 1-0

[Event "Early-Titled-Tuesday-Blitz-January-30-2024"]
[Site "Chess.com"]
[Date "2024.01.30"]
[Round "2"]
[White "KhazhatulyAlikhan"]
[Black "Egor_Koshulyan"]
[Result "1-0"]
[WhiteElo "2387"]
[BlackElo "2644"]
[TimeControl "180+1"]
[EndTime "8:19:16 PST"]
[Termination "KhazhatulyAlikhan won by resignation"]

1. e4 c5 2. Nf3 Nc6 3. d4 cxd4 4. Nxd4 Nf6 5. Nc3 e5 6. Nf3 Bb4 7. Bd3 d5 8. exd5 Nxd5 9. Bd2 Nxc3 10. bxc3 Be7 11.
O-O O-O 12. Qe2 Bg4 13. h3 Bh5 14. Rad1 Qc7 15. Be4 Rae8 16. Rfe1 f5 17. Qc4+ Bf7 18. Bd5 e4 19. Nd4 Qe5 20. Ne6 Rc8 21. Bf4 Qf6 22. Nxf8 Bxd5 23. Qxd5+ Kxf8 24. Qd7 Re8 25. Rd5 g6 26. Bh6+ Kf7 27. Be3 Qxc3 28. Red1 Qxc2 29.
Qxb7 Nb4 30. Rd7 Nc6 31. Rc1 Qxa2 32. Rxc6 Qa1+ 33. Kh2 Qe5+ 34. g3 Rb8 35. Qc7 Qf6 36.
Rxe7+ Qxe7 37. Qxb8 Qd7 38. Rc7 Ke7 39. Rxd7+ Kxd7 40. Qxa7+ 1-0

[Event "Early-Titled-Tuesday-Blitz-January-30-2024"]
[Site "Chess.com"]
[Date "2024.01.30"]
[Round "2"]
[White "BardArtem"]
[Black "mistrzemi"]
[Result "1-0"]
[WhiteElo "2778"]
[BlackElo "2405"]
[TimeControl "180+1"]
[EndTime "8:19:16 PST"]
[Termination "BardArtem won by resignation"]

1. e4 e6 2. d4 d5 3. Nc3 Nf6 4. exd5 exd5 5. Bg5 Be7 6. Qd2 O-O 7. O-O-O c6 8. Bd3 b5 9. Re1 Be6 10. Nf3 a5 11. Ne5 a4 12. Kb1 b4 13. Nd1 b3 14.
a3 bxc2+ 15. Qxc2 h6 16. h4 Qb6 17. Be3 Bxa3 18. g4 Ne4 19. Bxe4 dxe4 20. d5 Qb5 21.
dxe6 Qxe5 22. bxa3 Na6 23. Nb2 Rab8 24. Rc1 Rb3 25.
exf7+ Rxf7 26. Rhd1 Rfb7 27. Bd4 Qe7 28. Qc4+ Kh7 29.
Qxa6 Qxa3 30. Rc2 c5 31. Be5 Qb4 32. g5 Rb6 33. Qc8 a3 34. Qf5+ Rg6 35. h5 a2+ 36.
Ka1 1-0

[Event "Early-Titled-Tuesday-Blitz-January-30-2024"]
[Site "Chess.com"]
[Date "2024.01.30"]
[Round "2"]
[White "Akylbek2021"]
[Black "themind1hunter"]
[Result "1/2-1/2"]
[WhiteElo "2272"]
[BlackElo "2525"]
[TimeControl "180+1"]
[EndTime "8:19:17 PST"]
[Termination "Game drawn by repetition"]

1. d4 d5 2. c4 c6 3. Nf3 Nf6 4. g3 g6 5. Bg2 dxc4 6. O-O Bg7 7. Ne5 Ng4 8. Nf3 O-O 9. a4 h6 10. Na3 Be6 11. h3 Nf6 12. Ne5 Bd5 13. Naxc4 Bxg2 14. Kxg2 Nbd7 15. b3 Nb6 16. Bb2 Nfd7 17. Qc2 Nxe5 18.
dxe5 Qd5+ 19. e4 Qe6 20. Nxb6 axb6 21. f4 Rfd8 22. Rfd1 c5 23. Kh2 Qc6 24. f5 e6 25.
f6 Bf8 26. Qe2 Rac8 27. Rac1 Qc7 28. Kg2 h5 29. g4 Bh6 30. Rxd8+ Rxd8 31. Rd1 h4 32.
Kf3 Rd7 33. Rd3 Qd8 34. Rxd7 Qxd7 35. Bc3 Bg5 36. Bb2 Kh7 37. Bc3 Qd8 38. Bb2 Qd7 39. Kg2 Qc6 40. Kf3 Qd7 1/2-1/2

[Event "Early-Titled-Tuesday-Blitz-January-30-2024"]
[Site "Chess.com"]
[Date "2024.01.30"]
[Round "2"]
[White "ozen_metehan"]
[Black "akinov-akinseye"]
[Result "1-0"]
[WhiteElo "2446"]
[BlackElo "1903"]
[TimeControl "180+1"]
[EndTime "8:19:17 PST"]
[Termination "ozen_metehan won by resignation"]

1. e4 d5 2. exd5 Qxd5 3. Nc3 Qd6 4. d4 Nf6 5. h3 g6 6. Nf3 Bg7 7. Bc4 O-O 8. O-O a6 9. a4 b6 10. Ne5 Bb7 11. Ne2 Nc6 12. Bf4 Nd5 13. Bh2 Nxe5 14.
dxe5 Bxe5 15. Bxe5 Qxe5 16. Ng3 Rad8 17. Re1 Qg5 18.
Qf3 e6 19. c3 Rb8 20. Ne4 Qf5 21.
Bxd5 Qxf3 22. gxf3 exd5 23. Nf6+ Kg7 24. Nd7 Rbd8 25.
Nxf8 Kxf8 26. a5 bxa5 27. Rxa5 Rd6 28. Rc5 c6 29. b4 Re6 30. Rxe6 fxe6 31. f4 Ke7 32.
Ra5 Kd6 33. Kf1 h6 34. Ke2 e5 35. Ke3 exf4+ 36. Kxf4 Ke6 37. Ra1 Bc8 38. h4 Kf6 39. Re1 g5+ 40. hxg5+ hxg5+ 41. Kg3 Bf5 42. Re8 Bd3 43.
Rc8 Bb5 44. Kg4 Be2+ 45. f3 Bb5 46. Rf8+ Ke5 47. Kxg5 d4 48. Rf5+ Ke6 49. cxd4 Bd3 50. Re5+ Kd6 51. f4 Bb5 52. f5 1-0

[Event "Early-Titled-Tuesday-Blitz-January-30-2024"]
[Site "Chess.com"]
[Date "2024.01.30"]
[Round "2"]
[White "KIEV-1"]
[Black "brm72"]
[Result "0-1"]
[WhiteElo "2235"]
[BlackElo "2688"]
[TimeControl "180+1"]
[EndTime "8:19:18 PST"]
[Termination "brm72 won on time"]

1. e4 c5 2. Nf3 e6 3. d4 cxd4 4. Nxd4 Nf6 5. Nc3 Nc6 6. a3 d6 7. Bg5 Be7 8. f4 a6 9. Qd2 Qc7 10. O-O-O b5 11. Nxc6 Qxc6 12. Be2 Bb7 13. Bf3 Qc7 14.
Bxf6 gxf6 15. Rhe1 O-O 16. f5 Rac8 17. Re3 Kh8 18.
Bh5 d5 19. Rh3 Bd6 20. Kb1 Bf4 21. Qf2 dxe4 22. Bg4 e5 23. Rh5 Bg5 24. h4 e3 25. Qe2 Bf4 26. Bf3 Rg8 27. Bxb7 Qxb7 28.
g4 Rcd8 29. Rxd8 Rxd8 30. g5 b4 31. axb4 Qxb4 32. g6 fxg6 33. fxg6 h6 34. Rf5 Kg7 35. h5 Rb8 36. Nd1 Qb5 37. Qg4 a5 38. Rxf4 Rb7 0-1

[Event "Early-Titled-Tuesday-Blitz-January-30-2024"]
[Site "Chess.com"]
[Date "2024.01.30"]
[Round "2"]
[White "crazy_but_lazy"]
[Black "diamonds13"]
[Result "1-0"]
[WhiteElo "2581"]
[BlackElo "2351"]
[TimeControl "180+1"]
[EndTime "8:19:18 PST"]
[Termination "crazy_but_lazy won by resignation"]

1. d4 Nf6 2. Nf3 e6 3. Bf4 b6 4. e3 Bb7 5. c4 Bb4+ 6. Nfd2 d6 7.
a3 Bxd2+ 8. Nxd2 Nbd7 9. Bg3 e5 10. d5 a5 11. Be2 a4 12. O-O Nc5 13. Qc2 h6 14. Rae1 Qe7 15. f4 Nfd7 16. f5 e4 17. Rf4 O-O 18. Ref1 f6 19. Bf2 Rae8 20. Nb1 Ne5 21. Nc3 Ned3 22. Rh4 Bc8 23. Bg3 Ba6 24. Nxa4 Bb7 25. Nc3 b5 26. Nxb5 c6 27. dxc6 Bxc6 28. Nd4 Bd7 29. b4 Rc8 30. bxc5 Rxc5 31. Bxd3 exd3 32. Qxd3 Rfc8 33. Ne6 Bxe6 34. fxe6 Qxe6 35. Rd4 Rxc4 36. Rxc4 Qxc4 37. Qxc4+ Rxc4 38. Ra1 Rc6 39. a4 Ra6 40. a5 Kf7 41. e4 Ke6 42. Bf2 Kd7 43.
Bb6 Kc6 44. Rc1+ Kd7 45. Rc7+ Ke6 46. Ra7 Rxa7 47. Bxa7 Kd7 48. Bd4 Kc6 49. a6 d5 50.
exd5+ 1-0

[Event "Early-Titled-Tuesday-Blitz-January-30-2024"]
[Site "Chess.com"]
[Date "2024.01.30"]
[Round "2"]
[White "noblerone"]
[Black "Chesstiger64"]
[Result "1-0"]
[WhiteElo "2504"]
[BlackElo "2202"]
[TimeControl "180+1"]
[EndTime "8:19:18 PST"]
[Termination "noblerone won by resignation"]

1. d4 d6 2. c4 e5 3. e3 Nc6 4. Nf3 g6 5. Be2 Bg7 6. O-O Bg4 7. h3 Bxf3 8. Bxf3 Nge7 9. d5 Nb8 10. Nc3 b6 11. b4 a5 12. Bb2 axb4 13. Nb5 Nd7 14.
Qd2 Nc5 15. e4 O-O 16. Qxb4 Nd3 17. Qc3 Nxb2 18. Qxb2 f5 19. a4 Ra5 20. Qb4 fxe4 21. Bxe4 Nf5 22. Bxf5 gxf5 23. Ra3 e4 24. Rg3 Kh8 25.
Rxg7 Kxg7 26. Nd4 Qf6 27. Ne6+ Kh8 28. Nxf8 Qxf8 29. f3 Qe8 30. Qc3+ Kg8 31. Qf6 e3 32. Qxf5 Rxa4 33. Re1 Ra3 34. Qg5+ Kf8 35. Qf6+ Kg8 36. Qg5+ Kf8 37. h4 Qe7 38. Qf5+ Kg8 39. Qg4+ Kf8 40.
Qf5+ Kg8 41. Qg4+ Kf8 42. h5 Qe5 43. Qc8+ Kg7 44. Qxc7+ Kh6 45. Qf7 Ra2 46. Qe6+ Qxe6 47. dxe6 Kg7 48. Rxe3 Kf8 49. f4 Ke7 50. f5 Ra8 51. g4 h6 52. Kg2 Rf8 53. Kf3 Kf6 54. Kf4 Re8 55. Rb3 Rc8 56. Rxb6 Rxc4+ 57. Kg3 Kg5 58. e7 Rxg4+ 59. Kf3 Re4 60. Kxe4 1-0

[Event "Early-Titled-Tuesday-Blitz-January-30-2024"]
[Site "Chess.com"]
[Date "2024.01.30"]
[Round "2"]
[White "bolwin"]
[Black "zverr1"]
[Result "0-1"]
[WhiteElo "2263"]
[BlackElo "2533"]
[TimeControl "180+1"]
[EndTime "8:19:19 PST"]
[Termination "zverr1 won on time"]

1. Nf3 g6 2. c4 Bg7 3. d4 c5 4. d5 d6 5. e4 Nd7 6. Be2 Ngf6 7. Nc3 O-O 8. O-O a6 9. h3 b5 10. cxb5 axb5 11. Bxb5 Qa5 12. a4 Ba6 13. Bxa6 Qxa6 14. Re1 Ne8 15. Bg5 Bxc3 16. bxc3 f6 17.
Bh6 Rf7 18. a5 Nc7 19. Qa4 Qb5 20. Reb1 Qxa4 21. Rxa4 Ra7 22. Bd2 f5 23. Ng5 Rf8 24. c4 Ne5 25. f4 Nd3 26. Rb3 fxe4 27. Nxe4 Nxf4 28. Ra1 Ne2+ 29. Kh2 Nd4 30. Rb6 Na6 31. Rab1 Rc8 32. Rb7 Rc7 33. R7b6 Kg7 34. Bc3 h6 35. Re1 Kf7 36. Rf1+ Kg8 37. h4 Nf5 38. Kh3 Ne3 39. Rf3 Nxc4 40. Rc6 Nb8 41. Rb6 Nd7 42. Rb1 Nde5 43.
Rff1 Rcb7 44. g4 Ne3 0-1

[Event "Early-Titled-Tuesday-Blitz-January-30-2024"]
[Site "Chess.com"]
[Date "2024.01.30"]
[Round "2"]
[White "GothamChess"]
[Black "eightbyeightchess"]
[Result "1-0"]
[WhiteElo "2751"]
[BlackElo "2425"]
[TimeControl "180+1"]
[EndTime "8:19:20 PST"]
[Termination "GothamChess won by resignation"]

1. d4 d5 2. Bg5 Nf6 3. Bxf6 gxf6 4. c4 c6 5. e3 Rg8 6. Nc3 Qb6 7. Qb3 dxc4 8. Qxc4 Qxb2 9. Rb1 Qa3 10. Nf3 Qa5 11. g3 Nd7 12. Bg2 Nb6 13. Qc5 Qxc5 14. dxc5 Nd7 15.
Na4 e5 16. Rc1 Rg4 17. Nc3 Nxc5 18. O-O Be6 19. h3 Rb4 20. Nd2 f5 21. Nf3 e4 22.
Nd4 Nd3 23. Rc2 Bg7 24. Nce2 Rb2 25. Rxb2 Nxb2 26. g4 fxg4 27. Rb1 gxh3 28. Bxe4 Nc4 29. Rxb7 Be5 30. Bxc6+ Kf8 31. Nxe6+ fxe6 32. Rb4 h2+ 33.
Kg2 Rd8 34. Rxc4 Rd1 35. Kh3 h1=Q+ 36. Bxh1 Rxh1+ 37. Kg2 Re1 38. Kf3 Ra1 39. Ra4 h5 40.
Rxa7 h4 41. Ra5 Bd6 42. Rh5 Rxa2 43. Rxh4 Ke7 44. Rh7+ Kf6 45. Rh6+ Ke7 46. Nd4 Bb4 47. Nc6+ 1-0

[Event "Early-Titled-Tuesday-Blitz-January-30-2024"]
[Site "Chess.com"]
[Date "2024.01.30"]
[Round "2"]
[White "Cheer_Down"]
[Black "ChEsper99"]
[Result "1-0"]
[WhiteElo "2468"]
[BlackElo "2121"]
[TimeControl "180+1"]
[EndTime "8:19:20 PST"]
[Termination "Cheer_Down won by resignation"]

1. e4 c6 2. d4 d5 3. e5 Bf5 4. h4 h5 5. Bd3 Bxd3 6. Qxd3 e6 7.
Bg5 Qb6 8. Nd2 Be7 9. Ngf3 Nh6 10. Bxe7 Kxe7 11. O-O Nd7 12. c4 Nf5 13. b4 Kf8 14. b5 cxb5 15. cxd5 Rh6 16. dxe6 fxe6 17. d5 Ne7 18.
dxe6 Rxe6 19. Ng5 Rxe5 20. Qxd7 Rd8 21. Qh3 Rxd2 22. Qc3 Qd4 23. Qf3+ Rf5 24. Ne6+ Kg8 25. Nxd4 Rxf3 26. Nxf3 Rb2 27. Rfb1 Rxb1+ 28. Rxb1 a6 29. Rd1 Nc6 30. Rd7 Nb4 31. Ng5 g6 32. Rxb7 Nxa2 33. Rb6 Nb4 34. Rxg6+ Kf8 35. Rb6 Ke8 36. g4 hxg4 37. h5 Kd7 38. h6 Kc7 39. Rg6 a5 40.
h7 a4 41. h8=Q a3 42. Qf6 a2 43. Rg7+ 1-0

[Event "Early-Titled-Tuesday-Blitz-January-30-2024"]
[Site "Chess.com"]
[Date "2024.01.30"]
[Round "2"]
[White "maurovargas01"]
[Black "MusicCityMaster"]
[Result "0-1"]
[WhiteElo "1837"]
[BlackElo "2437"]
[TimeControl "180+1"]
[EndTime "8:19:20 PST"]
[Termination "MusicCityMaster won by checkmate"]

1. e4 e6 2. f4 d5 3. e5 c5 4. Nf3 Nc6 5. Bb5 Bd7 6. Bxc6 Bxc6 7.
d3 Ne7 8. O-O Nf5 9. g4 Nd4 10.
h3 h5 11. c3 Nxf3+ 12. Qxf3 hxg4 13. Qxg4 Qh4 14. Qxh4 Rxh4 15. Kh2 g6 16. Nd2 Be7 17. Nf3 Rh5 18. d4 Kd7 19. Bd2 Rah8 20. Ng1 Bb5 21. Rf2 Bd3 22. Re1 Bf5 23. Re3 b6 24. a3 Bh4 25. Rf1 c4 26. Be1 Bd3 27. Rff3 Be4 28. Rf1 g5 29. Bxh4 gxh4 30. Nf3 Bxf3 31.
Rexf3 Rg8 32. Rg1 Rhh8 33. Rg4 Ke7 34. Rf2 f5 35. Rg5 Rxg5 36. fxg5 Kf7 37. Rg2 Kg6 38. Kg1 Rh5 39. Kf2 Rxg5 40. Rh2 Rg3 41. Rg2 f4 42. a4 Kf5 43. Kf1 f3 44. Rh2 Kf4 45. Kf2 Rg2+ 46. Rxg2 fxg2 47. Kxg2 Ke3 48. Kg1 Kf3 49. Kh2 Kf2 50.
Kh1 Kg3 51. Kg1 Kxh3 52. Kh1 Kg3 53. Kg1 h3 54. Kh1 h2 55. a5 bxa5 56. b3 cxb3 57. c4 b2 58. cxd5 b1=Q# 0-1

[Event "Early-Titled-Tuesday-Blitz-January-30-2024"]
[Site "Chess.com"]
[Date "2024.01.30"]
[Round "2"]
[White "stratacticos"]
[Black "ural58"]
[Result "0-1"]
[WhiteElo "2037"]
[BlackElo "2463"]
[TimeControl "180+1"]
[EndTime "8:19:21 PST"]
[Termination "ural58 won on time"]

1. b4 e5 2. Bb2 f6 3. e4 d5 4.
exd5 Qxd5 5. a3 Be6 6. Nf3 a5 7. c4 Qd7 8. b5 c5 9. d3 Ne7 10. Be2 g6 11. O-O Bg7 12. Nc3 O-O 13. b6 Nbc6 14.
Ne4 Bf5 15. Nxc5 Qc8 16. Nh4 Rd8 17. Nxf5 Nxf5 18. a4 Ncd4 19. Bxd4 Nxd4 20. Ne4 h5 21. Nc3 Kh7 22. Nd5 Qf5 23. g4 Qg5 24. f4 exf4 25.
Kh1 Re8 26. gxh5 Rxe2 27. hxg6+ Kh8 28. Nxf4 Rae8 29. Nxe2 Rxe2 30. Rg1 Qf4 31. Rg2 Qf3 32. Qf1 Qxd3 33. Rxe2 Nxe2 34. Qg2 Nf4 35. Qxb7 Qxg6 36. Qb8+ Kh7 37. Qxf4 Bh6 38. Qf1 Qe4+ 39. Qg2 Qd4 40. Rg1 Bg5 41. Qh3+ Kg6 42. Qg2 Qxb6 0-1

[Event "Early-Titled-Tuesday-Blitz-January-30-2024"]
[Site "Chess.com"]
[Date "2024.01.30"]
[Round "2"]
[White "YouJustFoundYourGodfather"]
[Black "NastyaHn"]
[Result "1-0"]
[WhiteElo "2595"]
[BlackElo "2362"]
[TimeControl "180+1"]
[EndTime "8:19:22 PST"]
[Termination "YouJustFoundYourGodfather won on time"]

1. b3 Nf6 2. Bb2 d5 3. Nf3 g6 4.
g3 Bg7 5. Bg2 O-O 6. O-O c6 7.
c4 Bf5 8. d3 Nbd7 9. Nbd2 Re8 10. h3 h5 11. Nh4 Be6 12. Ndf3 Nf8 13. Ng5 Bc8 14. cxd5 cxd5 15. Rc1 e5 16. Nhf3 N6h7 17. Nxh7 Nxh7 18. Qd2 Bf5 19. Rc5 b6 20. Rc6 Rc8 21.
Rxc8 Qxc8 22. Rc1 Qd7 23. Kh2 Nf8 24. Ba3 Rc8 25. Qe3 Rxc1 26. Qxc1 e4 27. dxe4 Bxe4 28. Qf4 Ne6 29. Qb8+ Kh7 30. h4 d4 31. Bb2 Bxf3 32.
Bxf3 d3 33. Bxg7 Kxg7 34. exd3 Qxd3 35. Qe5+ Kg8 36. Kg2 Nd4 37. Bd5 Nf5 38. Qe8+ Kg7 39. Qxf7+ Kh6 40. Qf8+ Kh7 41. Bg8+ Kh8 42. Bc4+ 1-0

[Event "Early-Titled-Tuesday-Blitz-January-30-2024"]
[Site "Chess.com"]
[Date "2024.01.30"]
[Round "2"]
[White "nickmatta"]
[Black "Cayse"]
[Result "1-0"]
[WhiteElo "2590"]
[BlackElo "2847"]
[TimeControl "180+1"]
[EndTime "8:19:23 PST"]
[Termination "nickmatta won on time"]

1. Nf3 d5 2. g3 Nf6 3. Bg2 e6 4. O-O Be7 5. d4 O-O 6. b3 a5 7. c4 a4 8. bxa4 dxc4 9. Ne5 c5 10. Bb2 cxd4 11. Bxd4 Rxa4 12. Nc3 Ra6 13. Nxc4 Nc6 14. Be3 Ng4 15. Qxd8 Bxd8 16. Bc5 Be7 17. Bxe7 Nxe7 18. Rfd1 Nc6 19. Nd6 h5 20. Rab1 Rd8 21. Nxc8 Rxc8 22. Rxb7 Na5 23. Nb5 Nxb7 24. Bxb7 Rb6 25. Bxc8 Rxb5 26.
a4 Rb2 27. a5 Rxe2 28. Ra1 Nxf2 29. a6 Nh3+ 30. Kh1 Nf2+ 31. Kg2 Nd3+ 32. Kf3 Rc2 33. Bb7 Ne5+ 34. Ke3 Nd7 35. a7 Nb6 36. Ra6 Rb2 37. Rxb6 Rxb6 38. a8=Q+ Kh7 39. Be4+ f5 40. Bd3 Rd6 41. Qe8 Kh6 42. Be2 g6 43. Qf8+ Kg5 44. Qxd6 1-0

[Event "Early-Titled-Tuesday-Blitz-January-30-2024"]
[Site "Chess.com"]
[Date "2024.01.30"]
[Round "2"]
[White "Kostya0705"]
[Black "1977Ivan"]
[Result "1-0"]
[WhiteElo "2571"]
[BlackElo "2792"]
[TimeControl "180+1"]
[EndTime "8:19:23 PST"]
[Termination "Kostya0705 won on time"]

1. e4 e5 2. Nf3 Nc6 3. Bc4 Nf6 4. d3 Be7 5. O-O O-O 6. c3 d6 7. Bb3 Be6 8. Bc2 d5 9. exd5 Nxd5 10. Re1 f6 11. d4 Bg4 12. h3 Bh5 13. dxe5 Nxe5 14. Be4 c6 15. Nbd2 Nf4 16. Qb3+ Bf7 17. Qc2 Neg6 18. Nf1 Kh8 19. Ng3 Bc5 20. h4 h5 21.
Be3 Qb6 22. b4 Bxe3 23. fxe3 Rae8 24. Kh1 Rxe4 25. Nxe4 Nd5 26. Nd4 Nge7 27. a4 Bg6 28. a5 Qa6 29. Nb3 Qc4 30. Nbd2 Nxb4 31. Qb1 Qd3 32.
cxb4 Qd7 33. Qb3 Qg4 34. g3 Nf5 35. Kh2 Nxh4 36. gxh4 Qxh4+ 37. Kg2 Qg4+ 38. Ng3 h4 39. e4 Rd8 40. Ra2 1-0

[Event "Early-Titled-Tuesday-Blitz-January-30-2024"]
[Site "Chess.com"]
[Date "2024.01.30"]
[Round "2"]
[White "Boundless_Strike"]
[Black "FairChess_on_YouTube"]
[Result "0-1"]
[WhiteElo "2655"]
[BlackElo "3092"]
[TimeControl "180+1"]
[EndTime "8:19:24 PST"]
[Termination "FairChess_on_YouTube won by checkmate"]

1. d4 Nf6 2. f3 c5 3. d5 d6 4. e4 g6 5. Nc3 Bg7 6. Be3 h5 7. Qd2 Nbd7 8. Nh3 Rb8 9. a4 a6 10. Ng5 Qa5 11. Ra3 Ne5 12. Be2 h4 13. O-O Qc7 14. h3 Ned7 15. f4 Nh5 16. e5 dxe5 17. Bxh5 Rxh5 18. Nce4 Nf6 19. d6 Qd8 20. Bxc5 Nxe4 21.
Nxe4 Bf5 22. Re3 Rc8 23. Ba3 exf4 24. Ree1 e5 25. Qe2 Qd7 26. Kh2 Bxe4 27. Qxe4 Rf5 28. Rxf4 Rxf4 29. Qxf4 Qe6 30. Qxh4 Rxc2 31. Qh7 Qd5 32.
Rg1 Bf6 33. Qg8+ Kd7 34. Qh7 e4 35. Kh1 e3 36. Qg8 e2 37. Qf8 e1=Q 38. Rxe1 Qxg2# 0-1

[Event "Early-Titled-Tuesday-Blitz-January-30-2024"]
[Site "Chess.com"]
[Date "2024.01.30"]
[Round "2"]
[White "maciek_92"]
[Black "Tunahan_Makaraci"]
[Result "1-0"]
[WhiteElo "2805"]
[BlackElo "2551"]
[TimeControl "180+1"]
[EndTime "8:19:24 PST"]
[Termination "maciek_92 won on time"]

1. d4 d5 2. Bg5 f6 3. Bh4 Nh6 4.
Bg3 Nf5 5. Bf4 g5 6. e4 dxe4 7.
Qh5+ Kd7 8. Be3 Nxe3 9. fxe3 e6 10. Nd2 f5 11. Bc4 Qe8 12. Qe2 Bd6 13. O-O-O c6 14.
g4 Kc7 15. h4 h6 16. Nh3 Qe7 17. Nf2 Nd7 18. hxg5 Qxg5 19. gxf5 exf5 20. Rdg1 Qf6 21. Qh5 Nb6 22. Bb3 Bd7 23. Rg6 Qe7 24. Rxh6 Rxh6 25. Qxh6 a5 26. c4 a4 27. Bd1 Bb4 28. c5 Bxd2+ 29.
Kxd2 Nd5 30. Nh3 b6 31. Nf4 bxc5 32. Nxd5+ cxd5 33. Qf4+ Kb7 34. dxc5 Qxc5 35. Rh7 Qb4+ 36. Ke2 Qxb2+ 37. Kf1 Qb5+ 38. Be2 Qb1+ 39. Kf2 Rd8 40. Qd6 Qb5 41. Bxb5 1-0

[Event "Early-Titled-Tuesday-Blitz-January-30-2024"]
[Site "Chess.com"]
[Date "2024.01.30"]
[Round "2"]
[White "GoValya"]
[Black "TokChess"]
[Result "1-0"]
[WhiteElo "2320"]
[BlackElo "2527"]
[TimeControl "180+1"]
[EndTime "8:19:24 PST"]
[Termination "GoValya won on time"]

1. d4 d5 2. g3 c6 3. Bg2 Bg4 4. c4 e6 5. Nc3 Nf6 6. h3 Bh5 7. g4 Bg6 8. Nf3 Ne4 9. Ne5 Nxc3 10. bxc3 Nd7 11. f4 Nxe5 12. dxe5 Qh4+ 13. Kf1 Bc5 14.
Qe1 Qe7 15. Bd2 f6 16. cxd5 cxd5 17. e4 dxe4 18. Bxe4 Bxe4 19. Qxe4 fxe5 20. Qxe5 O-O 21. Kg2 Rad8 22. Be3 Rd5 23. Qe4 Bxe3 24. Qxe3 Qf6 25.
Rhf1 Kh8 26. Rae1 Rd6 27. Qxa7 Ra6 28. Qe3 Rxa2+ 29. Re2 Rxe2+ 30. Qxe2 Qxc3 31. Qxe6 b5 32. Qd6 Re8 33. Rf2 b4 34. Qd7 Qe3 35. Rf3 Qe4 36. Qf7 h6 37. g5 Qe2+ 38. Rf2 Qe4+ 39. Rf3 Qe6 40. Qh5 Qe2+ 41. Kg3 Qe1+ 42. Kg4 Qg1+ 43.
Rg3 Qd1+ 44. Rf3 Qd7+ 45. Kg3 Kg8 46. gxh6 Re6 47. h7+ 1-0

[Event "Early-Titled-Tuesday-Blitz-January-30-2024"]
[Site "Chess.com"]
[Date "2024.01.30"]
[Round "2"]
[White "kecalk"]
[Black "Grandelicious"]
[Result "0-1"]
[WhiteElo "2504"]
[BlackElo "2915"]
[TimeControl "180+1"]
[EndTime "8:19:25 PST"]
[Termination "Grandelicious won by resignation"]

1. d4 c5 2. d5 e5 3. e4 d6 4. Bb5+ Bd7 5. Be2 Be7 6. Nf3 Bg4 7.
Nbd2 Nd7 8. a4 Ngf6 9. h3 Bxf3 10. Bxf3 O-O 11. O-O Ne8 12. Nc4 Bg5 13. Bg4 Bxc1 14. Qxc1 Nb6 15. Ne3 g6 16. a5 Nc8 17. f4 exf4 18. Rxf4 Ne7 19. Qf1 Ng7 20. Qf2 g5 21. Rf6 Ng6 22. Nc4 Ne8 23. Rxf7 Rxf7 24. Be6 Qe7 25. Rf1 Nf4 26. Bxf7+ Qxf7 27. h4 h6 28. hxg5 hxg5 29. Qe3 Qg7 30. e5 dxe5 31. g3 Nxd5 32.
Qe4 Nef6 33. Qxe5 Re8 34. Qf5 Qh7 35. Qxg5+ Qg7 36. Qf5 Qxg3+ 37. Kh1 Qh4+ 38. Kg1 Qxc4 39. Qg6+ Kf8 40. Rxf6+ Nxf6 41. Qxf6+ Qf7 42. Qd6+ Kg7 0-1

[Event "Early-Titled-Tuesday-Blitz-January-30-2024"]
[Site "Chess.com"]
[Date "2024.01.30"]
[Round "2"]
[White "NovozhilovSemen"]
[Black "DenLaz"]
[Result "1/2-1/2"]
[WhiteElo "2654"]
[BlackElo "3073"]
[TimeControl "180+1"]
[EndTime "8:19:26 PST"]
[Termination "Game drawn by repetition"]

1. d4 f5 2. c4 Nf6 3. Nc3 d6 4. Nf3 g6 5. b4 Bg7 6. e3 O-O 7. Bb2 Nbd7 8. Be2 e5 9. dxe5 dxe5 10. O-O e4 11. Nd4 Ne5 12. Qb3 Kh8 13. Rad1 Qe7 14. Ba3 Qf7 15. c5 Qxb3 16. axb3 a6 17. f4 exf3 18. gxf3 Re8 19. b5 Bh6 20. f4 Neg4 21.
Bxg4 fxg4 22. Rfe1 Kg8 23. Bb2 Bg7 24. e4 Be6 25. e5 Nh5 26. Nxe6 Rxe6 27. Nd5 Rc8 28. b6 c6 29. Nc7 Re7 30. Re4 Rf8 31. Bc1 Bh6 32. Rf1 Ng7 33. e6 Nf5 34. Rd1 Bg7 35. Rd7 Bf6 36. Re2 Kg7 37. Bb2 Rc8 38.
Red2 Bxb2 39. Rxb2 Kf6 40. Rbd2 h5 41. Rxe7 Nxe7 42.
Rd7 h4 43. Kg2 Rh8 44. b4 Rg8 45. Kf2 Rh8 46. Kg2 Rg8 47. Rd3 Rh8 48. Rd7 1/2-1/2

[Event "Early-Titled-Tuesday-Blitz-January-30-2024"]
[Site "Chess.com"]
[Date "2024.01.30"]
[Round "2"]
[White "AlexPapasimakopoulos"]
[Black "ACollins05"]
[Result "1-0"]
[WhiteElo "2759"]
[BlackElo "2457"]
[TimeControl "180+1"]
[EndTime "8:19:26 PST"]
[Termination "AlexPapasimakopoulos won by resignation"]

1. d4 d5 2. c4 e6 3. Nc3 Be7 4. g3 Nf6 5. Bg2 O-O 6. Nf3 dxc4 7.
O-O c6 8. Ne5 Nbd7 9. Nxc4 Nb6 10. Ne5 Nbd7 11. Qc2 Nxe5 12. dxe5 Nd5 13. Rd1 Qc7 14. f4 b5 15. Kh1 Qb6 16. Ne4 c5 17. b3 Bb7 18. Bd2 Rac8 19. Rac1 c4 20. bxc4 Rxc4 21. Qb1 Rfc8 22. Rxc4 bxc4 23. Qxb6 axb6 24. Rc1 b5 25. Nd6 Bxd6 26. exd6 Rd8 27. e4 c3 28. Bxc3 Nxc3 29. Rxc3 Rxd6 30. Bf3 g6 31.
a3 Rd7 32. Kg2 f5 33. e5 Bxf3+ 34. Kxf3 Kf7 35. Ke3 Ra7 36. Kd4 Ke7 37. Kc5 Rb7 38.
Kb4 Rd7 39. Kxb5 Rd2 40. a4 Rxh2 41. a5 Ra2 42. a6 g5 43. fxg5 Kf7 44. Kb6 Kg6 45.
Rc5 Kxg5 46. Ra5 Rb2+ 47. Kc7 Rc2+ 48. Kd7 Rd2+ 49. Ke7 Rc2 50. a7 Rc8 51. Kxe6 Re8+ 52. Kf7 Ra8 53. Ra4 h5 54. e6 f4 55. gxf4+ Kf5 56.
e7 h4 57. e8=Q Rxe8 58. Kxe8 h3 59. a8=Q h2 60. Qd5+ Kg4 61. f5+ Kg3 62. Qd3+ 1-0